Map: Curious Minds LE

Players

Ferco

  • Race: Zerg Zerg
  • League: Silver
  • Spawn Location: 11:00

Pumba - Winner!

  • Race: Protoss Protoss
  • League: Silver
  • Spawn Location: 5:00

VOD

Have the link to the VOD?

Description

Time

  • Played on: Jan. 25, 2022, 7:53 p.m.
  • Length: 9:03
Show
View Real Time Build Order
Export as new Build Order

Ferco Zerg 

Build Orders: Hatch First 

Get SALT Encoding   

  12  0:07  Drone  
  12  0:13  Drone  
  14  0:17  Overlord  
  14  0:45  Hatchery  
  14  0:46  Drone  
  14  0:55  Drone x2  
  16  0:59  Extractor  
  15  1:12  Spawning Pool  
  15  1:16  Drone  
  15  1:21  Drone  
  15  1:23  Drone  
  17  1:43  Overlord x2  
  17  1:57  Drone  
  18  2:02  Evolution Chamber  
  18  2:03  Queen  
  19  2:10  Queen  
  21  2:16  Drone  
  21  2:18  Drone  
  21  2:20  Drone  
  24  2:31  Drone  
  24  2:32  Drone x2  
  27  2:38  Overlord  
  27  2:44  Drone, Extractor  
  27  2:57  Overlord  
  27  3:00  Queen  
  29  3:09  Drone  
  29  3:10  Drone x2  
  32  3:20  Lair  
  32  3:32  Drone x4  
  32  3:33  Drone x2  
  38  3:51  Drone  
  38  3:52  Drone x3  
  42  4:05  Drone  
  43  4:11  Extractor  
  43  4:12  Extractor  
  41  4:18  Roach Warren  
  40  4:25  Queen  
  40  4:27  Queen  
  44  4:34  Overseer  
  44  4:35  Hydralisk Den  
  43  4:42  Drone x4  
  47  5:01  Pneumatized Carapace, Hatchery  
  47  5:03  Zergling x8, Queen  
  47  5:05  Overlord  
  52  5:07  Overlord  
  52  5:23  Metabolic Boost  
  52  5:26  Drone x6  
  52  5:27  Drone  
  59  5:44  Queen  
  59  5:49  Overseer  
  58  6:02  Glial Reconstitution  
  58  6:06  Roach x2  
  58  6:07  Roach x3  
  68  6:11  Overlord x3  
  68  6:12  Overlord  
  68  6:16  Zerg Missile Weapons Level 1  
  68  6:23  Evolution Chamber  
  67  6:39  Roach  
  73  6:40  Roach x2  
  73  6:42  Roach  
  73  6:43  Roach x9  
  93  6:59  Drone x3  
  97  7:01  Drone x2  
  97  7:02  Drone x2  
  100  7:10  Drone  
  100  7:11  Drone  
  102  7:17  Ravager x2  
  102  7:18  Ravager x2  
  102  7:21  Overlord x2  
  106  7:23  Hatchery  
  105  7:39  Queen  
  107  7:56  Drone x4  
  108  8:11  Roach x4  
  108  8:12  Roach x2  
Show
View Real Time Build Order
Export as new Build Order

Pumba Protoss - Winner!

Build Orders: 1 Gate Expand, Zealot Archon 

Get SALT Encoding   

  12  0:00  Probe  
  13  0:12  Probe  
  14  0:19  Pylon  
  14  0:24  Probe  
  15  0:37  Probe (Chrono Boost)  
  15  0:39  Gateway  
  16  0:49  Probe (Chrono Boost)  
  17  0:51  Assimilator  
  18  0:57  Probe (Chrono Boost)  
  18  1:04  Probe  
  19  1:16  Probe  
  20  1:25  Nexus  
  20  1:34  Cybernetics Core  
  20  1:42  Probe  
  20  1:45  Assimilator  
  21  1:52  Pylon  
  21  1:54  Probe  
  22  2:20  Pylon  
  22  2:22  Stalker (Chrono Boost)  
  22  2:25  Warp Gate  
  22  2:26  Probe  
  25  2:38  Probe (Chrono Boost)  
  27  2:44  Probe (Chrono Boost), Stalker  
  27  2:46  Robotics Facility  
  27  2:48  Probe (Chrono Boost)  
  31  2:51  Probe (Chrono Boost)  
  31  2:53  Probe (Chrono Boost)  
  32  3:02  Probe  
  32  3:04  Probe  
  34  3:07  Gateway  
  34  3:08  Gateway  
  34  3:13  Pylon  
  34  3:15  Probe (Chrono Boost)  
  35  3:23  Probe (Chrono Boost)  
  37  3:32  Probe (Chrono Boost)  
  37  3:34  Observer (Chrono Boost), Probe (Chrono Boost)  
  39  3:36  Stalker  
  39  3:39  Probe x2 (Chrono Boost)  
  43  3:50  Probe, Pylon  
  43  3:51  Probe  
  43  3:54  Pylon  
  45  3:59  Immortal (Chrono Boost)  
  45  4:02  Probe  
  50  4:03  Probe  
  51  4:14  Probe  
  52  4:25  Stalker x3  
  52  4:29  Probe x2  
  60  4:33  Pylon  
  60  4:37  Twilight Council  
  60  4:39  Assimilator  
  60  4:41  Probe  
  60  4:42  Probe  
  60  4:43  Observer  
  60  4:44  Assimilator  
  62  4:53  Probe  
  63  5:25  Charge (Chrono Boost)  
  63  5:36  Gateway  
  63  5:37  Gateway  
  63  5:38  Immortal (Chrono Boost), Gateway x2  
  67  5:44  Gateway  
  67  5:45  Gateway  
  67  5:47  Gateway  
  67  5:59  Pylon  
  67  6:01  Pylon  
  67  6:05  Pylon  
  67  6:08  Templar Archives  
  67  6:11  Warp Prism (Chrono Boost)  
  67  6:13  Zealot x3, Pylon  
  75  6:22  Pylon  
  75  6:27  Pylon  
  75  6:37  Shield Battery  
  75  6:45  Zealot x6  
  75  6:46  Zealot x4  
  94  7:22  Sentry  
  96  7:27  High Templar x2  
  96  7:28  High Templar x7  
  114  7:31  Archon  
  114  7:32  Archon x3  
  114  7:44  High Templar  
  114  7:49  Archon  
  116  7:54  Observer (Chrono Boost)  
  117  7:59  Pylon  
  117  8:03  Pylon  
  117  8:05  Pylon  
  117  8:08  Zealot x4  
  117  8:43  Zealot x10  
Tags
 
Add a new tag
Caveats
  • Supply blocks, unpowered buildings, or Contaminate may cause inaccurate times.
  • Supply counts are checked every 10 seconds.